 Dungeon Crawl Stone Soup version 0.26.1-2-gb8aa6d0cf2 (console) character file.

Game seed: 11202333852420392853

66 om the Insei (level 4, 0/32 HPs)
             Began as a Merfolk Transmuter on Feb 26, 2021.
             Succumbed to an adder's poison
             ... on level 1 of the Dungeon.
             The game lasted 00:02:19 (1980 turns).

om the Insei (Merfolk Transmuter)                   Turns: 1980, Time: 00:02:20

Health: 0/32       AC:  2    Str: 11    XL:     4   Next: 15%
Magic:  7/7        EV: 13    Int: 12    God:
Gold:   111        SH:  0    Dex: 14    Spells: 4/7 levels left

rFire    . . .     SeeInvis .     - Unarmed
rCold    . . .     Faith    .   (no shield)
rNeg     . . .     Spirit   .   a - +0 robe
rPois    .         Reflect  .   (helmet currently unavailable)
rElec    .         Harm     .   (no cloak)
rCorr    .         Rampage  .   (no gloves)
Will     .....                  (boots currently unavailable)
Stlth    +.........             b - amulet of magic regeneration
HPRegen  0.10/turn              (no ring)
MPRegen  0.35/turn              (no ring)

@: lethally poisoned (0 -> -3), appendages (expiring), wereblooded, very
slightly contaminated, invisible
A: change form in water, swift swim, stealthy swim, horns 2
a: End Transformation


You were on level 1 of the Dungeon.
You had grown temporary horns.
You visited 1 branch of the dungeon, and saw 2 of its levels.

You collected 111 gold pieces.

Inventory:

Armour
 a - a +0 robe (worn)
Jewellery
 b - an amulet of magic regeneration (around neck)
 f - an uncursed ring of willpower {unknown}
Scrolls
 c - a scroll of enchant weapon {unknown}
 d - 2 scrolls of remove curse {unknown}
 g - a scroll of teleportation {unknown}
Potions
 e - 4 potions of invisibility


   Skills:
 - Level 1.1 Fighting
 - Level 2.6 Dodging
 * Level 4.8 Unarmed Combat
 - Level 2.0 Spellcasting
 + Level 3.8 Transmutations


You had 4 spell levels left.
You knew the following spells:

 Your Spells              Type           Power        Failure   Level
a - Beastly Appendage     Tmut           20%          5%          1
b - Wereblood             Tmut           10%          9%          2

Your spell library contained the following spells:

 Spells                   Type           Power        Failure   Level
 Spider Form              Tmut/Pois      2%           36%         3
 Ice Form                 Ice/Tmut       5%           77%         4
 Blade Hands              Tmut           5%           83%         5


Dungeon Overview and Level Annotations

Branches:
Dungeon (2/15)

Altars:


Innate Abilities, Weirdness & Mutations

You revert to your normal form in water.
You are very nimble and swift while swimming.
You are very stealthy in the water. (Stealth+)
You have a pair of horns on your head.


Message History

You are very lightly contaminated with residual magic.
You miss the adder. Your headbutt misses the adder. The adder bites you.
* * * LOW HITPOINT WARNING * * *
You miss the adder. The adder closely misses you.
You catch the helpless adder completely off-guard!
You hit the adder. You headbutt the adder!
You kill the adder!
* * * LOW HITPOINT WARNING * * *
You feel sick.
You see here an adder corpse.
* * * LOW HITPOINT WARNING * * *
You feel sick.
Okay, then.
(D) Dungeon
Where to? (Enter - D:2, ? - help)
There is a lethal amount of poison in your body!
There is a lethal amount of poison in your body!
There is a lethal amount of poison in your body!
Your transformation is almost over.
You die...

..##### #.##.### ###.##.# #.#
..#...# #.##.# #.##.# #.#
..#.#.# #.##.# #.##.###.#
..#.#.###.##.# #.##.##..#
..#.#.#...##.# #.##.##.##
..#.#.#.####.# #.##.##.#
..#.#.#.# #.# #.#..##.#
..#.#.#)# ##.## ##...###>#
..#.#.#.###...## #..#..##.#
...............#####.###....#
#######.##......@†....#..####
........##...>.######...##
######.........# #.#.#
#.........# #.#.###
#.........# #.....#
#.....♣...# #.###.#
####....8....# #.# #.####
#.)..<.......# #.###....#
#.##.........# #.....##.#
###.##.........# #####.###.#
....##.........# #.....# #.#


There were no monsters in sight!

Vanquished Creatures
  3 adders
  An ooze (D:1)
  A dart slug (D:1)
  A leopard gecko (D:1)
  A ball python (D:1)
  2 giant cockroaches (D:1)
  3 goblins (D:1)
  6 hobgoblins
  4 jackals (D:2)
  2 bats (D:1)
  5 kobolds (D:1)
  A rat (D:1)
30 creatures vanquished.

Notes
Turn   | Place    | Note
-------+----------+-------------------------------------------
     0 | D:1      | om the Merfolk Transmuter began the quest for the Orb.
     0 | D:1      | Reached XP level 1. HP: 15/15 MP: 3/3
   152 | D:1      | Reached XP level 2. HP: 20/21 MP: 3/5
   544 | D:1      | Learned a level 2 spell: Wereblood
   931 | D:1      | Reached skill level 4 in Unarmed Combat
  1331 | D:1      | Reached XP level 3. HP: 26/26 MP: 6/6
  1972 | D:1      | Reached XP level 4. HP: 4/32 MP: 4/7
  1977 | D:1      | HP: 1/32 [poisoned by an adder]
  1980 | D:1      | Succumbed to an adder's poison

Illustrated notes

Levels and vault maps discovered:
D:1:      wander_arrival_lonely_grave, layout_loops_ring, minmay_pentomino_v4
D:2:      layout_basic

Skill      XL: |  1  2 |
---------------+-------+-----
Transmutations | 3 |  3.8
Unarmed Combat | 4 |  4.8
Fighting       | |  1.1
Dodging        | |  2.6
Spellcasting   | |  2.0

Action                   |  1- 3 |  4- 6 || total
-------------------------+-------+-------++-------
Melee: Unarmed           |    84 |     3 ||    87
       Headbutt          |    11 |     1 ||    12
 Cast: Beastly Appendage |    15 |       ||    15
       Wereblood         |     5 |       ||     5
  Use: Potion            |       |     1 ||     1
 Stab: Sleeping          |     1 |       ||     1
       Invisible         |       |     1 ||     1
Armor: Robe              |    13 |       ||    13
Dodge: Dodged            |    89 |     3 ||    92
